 Dungeon Crawl Stone Soup version 0.32-a0-411-g744942f433 (webtiles) character file.

Game seed: 10330066786053427880

2370 Bravepunisher the Pandemonic (level 9, -2/46 HPs)
             Began as a Spriggan Monk on Feb 20, 2024.
             Was a High Priest of Makhleb.
             Slain by a kobold brigand
             ... wielding a +2 short sword of flaming
              (3 damage)
             ... on level 7 of the Dungeon.
             The game lasted 00:20:47 (5848 turns).

Bravepunisher the Pandemonic (Spriggan Monk)        Turns: 5848, Time: 00:20:48

Health: -2/46      AC:  7    Str:  7    XL:     9   Next: 21%
Magic:  18/18      EV: 19    Int: 11    God:    Makhleb [*****.]
Gold:   779        SH:  0    Dex: 22    Spells: 8/8 levels left

rFire   . . .        p - +1 dagger (venom)
rCold   . . .        (no shield)
rNeg    . . .        b - +0 robe
rPois   .            h - +2 hat
rElec   .            d - +2 cloak {rCorr}
rCorr   +            (gloves unavailable)
SInv    +            (boots unavailable)
Will    +....        (no amulet)
Stlth   ++           e - ring of resist corrosion
HPRegen 0.27/turn    (no ring)
MPRegen 0.16/turn

%: no passive effects
@: slowed, quick
A: very small, no large weapons, unfitting armour, see invisible, speed 3
a: Renounce Religion, Minor Destruction, Lesser Servant of Makhleb, Major
Destruction, Greater Servant of Makhleb


You were on level 7 of the Dungeon.
You worshipped Makhleb.
Makhleb was extremely pleased with you.
You visited 2 branches of the dungeon, and saw 8 of its levels.
You also visited: Bailey.

You collected 779 gold pieces.

Inventory:

Hand Weapons
 p - a +1 dagger of venom (weapon)
Armour
 b - a +0 robe (worn)
 d - a +2 cloak of preservation (worn)
 h - a +2 hat (worn)
Jewellery
 e - a ring of resist corrosion (left hand)
Wands
 a - a wand of polymorph (6)
 v - a wand of flame (13)
 w - a wand of quicksilver (6)
 z - a wand of roots (5)
 B - a wand of digging (4)
Scrolls
 c - a scroll of poison {unknown}
 f - 3 scrolls of identify {unknown}
 r - a scroll of fear {unknown}
 s - a scroll of revelation {unknown}
 t - a scroll of amnesia {unknown}
 u - 5 scrolls of teleportation {unknown}
 y - 2 scrolls of immolation {unknown}
 A - a scroll of noise {unknown}
 C - a scroll of brand weapon {unknown}
 D - a scroll of enchant weapon {unknown}
Potions
 g - 3 potions of degeneration {unknown}
 i - a potion of curing
 j - 2 potions of resistance
 k - a potion of lignification {unknown}
 l - a potion of attraction
 m - a potion of enlightenment {unknown}
 n - a potion of mutation {unknown}
 o - 2 potions of might {unknown}
 q - a potion of haste {unknown}
 x - a potion of heal wounds {unknown}


   Skills:
 + Level 4.7 Fighting
 - Level 3.2 Short Blades
 - Level 4.0 Dodging
 * Level 11.3 Invocations


You had 8 spell levels left.
You didn't know any spells.
Your spell library contained the following spells:

 Spells                   Type           Power      Damage    Failure   Level
 Hailstorm                Conj/Ice       0%         3d5       71%         3
 Summon Ice Beast         Ice/Summ       0%         N/A       71%         3
 Sculpt Simulacrum        Ice/Alch       0%         N/A       100%        6


Dungeon Overview and Level Annotations

Branches:
Dungeon (7/15)             Temple (1/1) D:4          Bailey (visited)

Altars:
Ashenzari
Cheibriados
Elyvilon
Fedhas
Gozag
Kikubaaqudgha
Makhleb
Nemelex Xobeh
Okawaru
Ru
Sif Muna
Trog
Vehumet
Wu Jian
Xom
Yredelemnul
The Shining One

Shops:
D:1 *

Annotations:
D:4 3 runed translucent doors, superpeng's ghost, amateur MiFi


Innate Abilities, Weirdness & Mutations

You are very small and have problems with some larger weapons.
You are too small for most types of armour.
You have supernaturally acute eyesight. (SInv)
You cover ground extremely quickly. (Speed+++)


Message History

The kobold brigand burns you. The kobold brigand closely misses you.
You closely miss the kobold brigand.
The kobold brigand is moderately wounded.
You feel sick.
The kobold brigand hits you with a +2 short sword of flaming.
The kobold brigand burns you.
* * * LOW HITPOINT WARNING * * *
Aiming: Minor Destruction (0% risk of failure)
Press: ? - help, Shift-Dir - straight line, f/p - kobold brigand
Aim: a kobold brigand, wielding a +2 short sword of flaming and quivering curare-tipped darts (moderately wounded)
The puff of flame misses the kobold brigand.
You feel sick.
The kobold shouts!
The kobold brigand hits you with a +2 short sword of flaming!
* * * LOW HITPOINT WARNING * * *
The kobold brigand burns you.
* * * LOW HITPOINT WARNING * * *
You feel better. The kobold brigand misses you.
The kobold brigand completely misses you.
Okay, then.
There is a stone staircase leading up here.
You see here a +0 short sword.
Aiming: Minor Destruction (0% risk of failure)
Press: ? - help, Shift-Dir - straight line, f/p - kobold brigand
Aim: a kobold brigand, wielding a +2 short sword of flaming and quivering curare-tipped darts (moderately wounded)
The puff of flame hits the kobold!
You kill the kobold!
Makhleb accepts your kill.
You feel better.
The kobold brigand throws a curare-tipped dart.
The curare-tipped dart closely misses you.
Aiming: Minor Destruction (0% risk of failure)
Press: ? - help, Shift-Dir - straight line, f/p - kobold brigand
Aim: a kobold brigand, wielding a +2 short sword of flaming and quivering curare-tipped darts (moderately wounded)
The puff of flame hits the kobold brigand.
The kobold brigand is moderately wounded.
The kobold brigand hits you with a +2 short sword of flaming!
* * * LOW HITPOINT WARNING * * *
The kobold brigand burns you.
You die...

#### ..# ##..K#
##.### ##..K..##
.....
#.......#####.#.#
#.......#.......###.
#.......#...).......
##........)........z
#.......###K#######.
#.......# #@#
#..!....###.#
##.....###..# ##...#
#.## #### #.# ...
...# .### ##


You could see a kobold brigand.

Vanquished Creatures
  A water moccasin (D:7)
  An orc warrior (D:6)
  A black bear (D:6)
  A sky beast (D:7)
  An ice beast (D:6)
  3 centaurs
  2 phantoms (D:6)
  2 kobold brigands
  A bullfrog (D:6)
  2 scorpions
  2 howler monkeys (D:6)
  3 jellies (D:6)
  A bombardier beetle (D:5)
  7 hounds
  4 orc priests (D:6)
  A gnoll bouda (D:4)
  3 sleepcaps
  4 iguanas
  2 orc wizards
  A hound zombie (D:4)
  10 gnolls (D:4)
  6 adders
  A shadow imp (D:7)
  A white imp (D:6)
  2 dart slugs
  2 ribbon worms
  18 orcs
  7 bats
  8 endoplasms
  5 giant cockroaches
  7 goblins
  7 hobgoblins
  4 jackals (D:2)
  3 quokkas
  2 ball pythons
  A frilled lizard (D:3)
  23 kobolds
  A quokka zombie (D:4)
  5 rats
156 creatures vanquished.

Vanquished Creatures (others)
  An arcanist (D:6)
1 creature vanquished.

Grand Total: 157 creatures vanquished

Notes
Turn   | Place    | Note
-------+----------+-------------------------------------------
     0 | D:1      | Bravepunisher the Spriggan Monk began the quest for the
                  | Orb.
     0 | D:1      | Reached XP level 1. HP: 11/11 MP: 2/2
    52 | D:4      | Noticed a hound
    75 | D:5      | Entered Level 5 of the Dungeon
   105 | D:5      | Noticed an iguana
   110 | D:5      | Noticed a centaur
   112 | D:5      | Noticed a hound
   138 | D:6      | Noticed an ice beast
   138 | D:6      | Noticed a hound
   138 | D:6      | Noticed a hound
   138 | D:6      | Noticed a scorpion
   138 | D:6      | Noticed an orc priest
   138 | D:6      | Noticed an orc priest
   138 | D:6      | Noticed a howler monkey
   139 | D:6      | Noticed a centaur
   191 | D:5      | Noticed a hound
   193 | D:4      | Noticed a scorpion
   211 | D:4      | Found a staircase to the Ecumenical Temple.
   218 | Temple   | Entered the Ecumenical Temple
   244 | Temple   | Became a worshipper of Makhleb the Destroyer
   244 | Temple   | Reached * piety under Makhleb
   244 | Temple   | Reached ** piety under Makhleb
   335 | D:3      | Reached skill level 1 in Invocations
   368 | D:1      | Reached XP level 2. HP: 10/16 MP: 2/4
   413 | D:1      | Reached skill level 2 in Invocations
   796 | D:1      | Found Pifro's Assorted Antiques.
   934 | D:1      | Reached XP level 3. HP: 18/19 MP: 4/6
  1393 | D:2      | Reached skill level 3 in Invocations
  1502 | D:2      | Reached XP level 4. HP: 9/23 MP: 7/7
  1903 | D:3      | Found a sacrificial altar of Ru.
  2020 | D:3      | Reached *** piety under Makhleb
  2207 | D:3      | Found an opulent altar of Gozag.
  2288 | D:3      | Reached skill level 4 in Invocations
  2721 | D:4      | Killed a scorpion
  2722 | D:4      | Reached skill level 5 in Invocations
  2722 | D:4      | Reached XP level 5. HP: 13/27 MP: 9/9
  2896 | D:4      | Reached XP level 6. HP: 27/32 MP: 11/11
  2898 | D:4      | Reached skill level 6 in Invocations
  3299 | D:4      | Found a runed translucent gate.
  3299 | D:4      | Found a runed translucent gate.
  3299 | D:4      | Found a runed translucent gate.
  3299 | D:4      | Noticed superpeng's ghost (amateur MiFi)
  3301 | D:4      | Found a basalt altar of Yredelemnul.
  3594 | D:5      | Reached skill level 7 in Invocations
  3594 | D:5      | Reached XP level 7. HP: 34/35 MP: 13/13
  3855 | D:5      | Reached **** piety under Makhleb
  3879 | D:5      | Reached skill level 8 in Invocations
  4140 | D:6      | Found a bloodstained altar of Trog.
  4144 | D:6      | Noticed a wizard
  4150 | D:6      | Killed a wizard
  4224 | D:6      | Reached skill level 9 in Invocations
  4310 | D:6      | Reached XP level 8. HP: 38/39 MP: 15/15
  4581 | D:6      | Identified the +0 ring mail of the Engineer {Int+4 SInv}
  4744 | D:6      | Reached skill level 10 in Invocations
  4807 | D:6      | Found a glowing golden altar of the Shining One.
  5367 | D:7      | Reached XP level 9. HP: 17/46 MP: 18/18
  5490 | D:7      | Found a flagged portal.
  5518 | D:7      | Reached skill level 11 in Invocations
  5550 | Bailey   | Entered a bailey
  5584 | Bailey   | Reached ***** piety under Makhleb
  5844 | D:7      | HP: 2/46 [kobold brigand/+2 short sword of flaming (9)]
  5848 | D:7      | Slain by a kobold brigand

Illustrated notes

Levels and vault maps discovered:
D:1:      saegor_arrival_simple_d, layout_basic, serial_shops, shop
D:2:      layout_rooms, solitary_fountain
D:3:      layout_basic, general_overflow_altar, mainiacjoe_overflow_24_doors
D:4:      layout_basic, nicolae_yredelemnul_ghost_church,
          minmay_temple_entry_statues_fountains, chequers_mini_garden,
          minivault_5
D:5:      layout_cave_pools, st_stairs_5, chequers_serial_rivers_micro_e
D:6:      layout_basic, trog_wizard, lemuel_round_altar, minmay_alternating_orb
D:7:      layout_rooms, enter_bailey_2, nicolae_ossuary_entry_plus,
          uniq_crazy_yiuf_cottage
Temple:   chequers_temple_sunken

Skill      XL: |  1  2  3  4  5  6  7  8  9 |
---------------+----------------------------+-----
Invocations    | 1 2 3 5 7 9 10 11 | 11.3
Fighting       | 4 |  4.7
Short Blades   | |  3.2
Dodging        | |  4.0

Action                     |  1- 3 |  4- 6 |  7- 9 || total
---------------------------+-------+-------+-------++-------
  Melee: Short sword       |    20 |       |       ||    20
         Dagger            |       |     5 |    48 ||    53
 Invoke: Minor Destruction |    65 |   126 |   215 ||   406
  Evoke: Wand              |       |       |     2 ||     2
    Use: Potion            |     1 |     3 |     1 ||     5
 Armour: Robe              |    29 |    15 |    54 ||    98
  Dodge: Dodged            |    72 |    51 |   123 ||   246

Table legend: (Time is in decaauts)
 A = Elapsed time spent in this place.
 B = Non-inter-level travel time spent in this place.
 C = Inter-level travel time spent in this place.
 D = Time resting spent in this place.
 E = Time spent auto-exploring this place.
 F = Levels seen in this place.
 G = Mean time per level.
                   A        B        C        D        E       F      G
               +--------+--------+--------+--------+--------+-----+--------+
         Total |   4330 |   4151 |    179 |    304 |   2813 |   9 |  481.1 |
       Dungeon |   4190 |   4041 |    149 |    299 |   2765 |   7 |  598.6 |
        Temple |     32 |      2 |     30 |      0 |      0 |   1 |   32.0 |
        Bailey |    107 |    107 |      0 |      5 |     48 |   1 |  107.0 |
               +--------+--------+--------+--------+--------+-----+--------+

Top non-repeatable levels by time:
     D:6: 1059 daAuts
     D:4: 675 daAuts
     D:1: 631 daAuts
     D:3: 609 daAuts
     D:5: 551 daAuts
     D:2: 365 daAuts
     D:7: 298 daAuts
  Bailey: 107 daAuts
  Temple: 32 daAuts
